 Dungeon Crawl Stone Soup version 0.30-a0-1016-gfb0d676c02 (webtiles) character file.

Game seed: 14816619410647716860

12 Dordric the Grasshopper (level 2, -1/23 HPs)
             Began as a Barachi Warper on Apr 6, 2023.
             Was a Follower of Nemelex Xobeh.
             Slain by a kobold
             ... wielding a +0 dagger
              (2 damage)
             ... on level 1 of the Dungeon.
             The game lasted 00:00:47 (147 turns).

Dordric the Grasshopper (Barachi Warper)             Turns: 147, Time: 00:00:48

Health: -1/23      AC:  3    Str: 12    XL:     2   Next: 33%
Magic:  5/5        EV: 11    Int: 13    God:    Nemelex Xobeh [*.....]
Gold:   17         SH:  0    Dex: 11    Spells: 5/5 levels left

rFire   . . .      SeeInvis .    a - +0 falchion
rCold   . . .      Faith    .    (no shield)
rNeg    . . .      Spirit   .    b - +0 leather armour
rPois   .          Reflect  .    (no helmet)
rElec   .          Rampage  .    (no cloak)
rCorr   .                        (no gloves)
Will    .....                    (no boots)
Stlth   +                        (no amulet)
HPRegen 0.23/turn                (no ring)
MPRegen 0.09/turn                (no ring)

@: slow
A: amphibious, slowness 1, strong legs 1, +LOS
a: Hop, Renounce Religion, Draw Escape, Draw Destruction, Draw Summoning


You were on level 1 of the Dungeon.
You worshipped Nemelex Xobeh.
Nemelex Xobeh was aware of your devotion.
You visited 1 branch of the dungeon, and saw 1 of its levels.

You collected 17 gold pieces.

Inventory:

Hand Weapons
 a - a +0 falchion (weapon)
Missiles
 d - 7 boomerangs of dispersal (quivered)
Armour
 b - a +0 leather armour (worn)
Scrolls
 c - a scroll of blinking
 e - a scroll of amnesia {unknown}
 f - a scroll of fog {unknown}


   Skills:
 - Level 2.4 Fighting
 + Level 3.0 Long Blades
 - Level 1.0 Throwing
 - Level 1.2 Armour
 - Level 2.1 Dodging
 - Level 2.1 Spellcasting
 + Level 3.7 Translocations


You had 5 spell levels left.
You didn't know any spells.
Your spell library contained the following spells:

 Spells                   Type           Power      Damage    Failure   Level
 Blink                    Tloc           22%        N/A       11%         2
 Lesser Beckoning         Tloc           22%        N/A       11%         2
 Teleport Other           Tloc           11%        N/A       21%         3
 Vhi's Electric Charge    Tloc/Air       12%        N/A       41%         3
 Manifold Assault         Tloc           11%        N/A       56%         4


Dungeon Overview and Level Annotations

Branches:
Dungeon (1/15)

Altars:
Nemelex Xobeh


Innate Abilities, Weirdness & Mutations

You are amphibious.
You cover ground slowly.
You can hop short distances.
You have an extended range of vision and can be seen from far away.


Message History

The ball python closely misses you. The ball python grabs you.
The ball python constricts you.
The ball python bites you but does no damage.
The ball python constricts you.
You slash the ball python!
You kill the ball python!
The hobgoblin barely misses you.
An endoplasm comes into view.
You hit the hobgoblin but do no damage. The hobgoblin misses you.
The hobgoblin closely misses you.
You hit the goblin.
The goblin is severely wounded.
The hobgoblin barely misses you. The goblin hits you with a +0 club.
You closely miss the goblin.
The goblin is severely wounded.
The hobgoblin hits you. The goblin hits you but does no damage.
You closely miss the goblin.
The goblin is severely wounded.
The hobgoblin hits you. The goblin hits you with a +0 club.
You hit the goblin.
You kill the goblin!
The kobold throws a stone.
The stone hits you but does no damage. The hobgoblin hits you.
You hit the endoplasm.
The endoplasm is heavily wounded.
The hobgoblin hits you. The endoplasm freezes you.
You are frozen.
You hit the endoplasm.
The endoplasm is almost dead.
The kobold hits you with a +0 dagger. The hobgoblin hits you.
The endoplasm freezes you.
You are frozen.
* * * LOW HITPOINT WARNING * * *
The endoplasm freezes you.
You are frozen.
* * * LOW HITPOINT WARNING * * *
The kobold hits you with a +0 dagger.
You die...
Your body disappears without a glow.

.# # #. ### ..##.
#.# .... .....##.#
###....
......#.###.......
>.......#.......
#..............
.......?......
#.)Kg$......
#.J@†.......
#.###....... #.#
.....# #.# ....#
########'## ....
..........# ..#
..........# ##
.......†..#
..........# ######


You could see an endoplasm, a hobgoblin and a kobold.

Vanquished Creatures
  2 ball pythons (D:1)
  3 bats (D:1)
  2 goblins (D:1)
  2 hobgoblins (D:1)
  2 rats (D:1)
11 creatures vanquished.

Notes
Turn   | Place    | Note
-------+----------+-------------------------------------------
     0 | D:1      | Dordric the Barachi Warper began the quest for the Orb.
     0 | D:1      | Reached XP level 1. HP: 17/17 MP: 3/3
    49 | D:1      | Found a faded altar of an unknown god.
    77 | D:1      | Prayed at the altar of an unknown god.
    77 | D:1      | Became a worshipper of Nemelex Xobeh the Trickster
    77 | D:1      | Reached * piety under Nemelex Xobeh
    77 | D:1      | Received a gift from Nemelex Xobeh
   110 | D:1      | Reached XP level 2. HP: 21/23 MP: 5/5
   147 | D:1      | HP: 1/23 [frozen (3)]
   147 | D:1      | Slain by a kobold

Illustrated notes

Levels and vault maps discovered:
D:1:      sevenhm_arrival_forest_fort_large_2, layout_basic,
          hellmonk_ecumenical_altar_run_dry, chequers_serial_rivers_micro_c

Skill      XL: |  1  2 |
---------------+-------+-----
Long Blades    | 3 |  3.0
Fighting       | |  2.4
Throwing       | |  1.0
Armour         | |  1.2
Dodging        | |  2.1
Spellcasting   | |  2.1
Translocations | |  3.7

Action                     || total
---------------------------++-------
  Melee: Falchion          ||    31
 Armour: Leather armour    ||    12
  Dodge: Dodged            ||    18

Table legend: (Time is in decaauts)
 A = Elapsed time spent in this place.
 B = Non-inter-level travel time spent in this place.
 C = Inter-level travel time spent in this place.
 D = Time resting spent in this place.
 E = Time spent auto-exploring this place.
 F = Levels seen in this place.
 G = Mean time per level.
                   A        B        C        D        E       F      G
               +--------+--------+--------+--------+--------+-----+--------+
         Total |    172 |    172 |      0 |      0 |     92 |   1 |  172.0 |
       Dungeon |    172 |    172 |      0 |      0 |     92 |   1 |  172.0 |
               +--------+--------+--------+--------+--------+-----+--------+

Top non-repeatable levels by time:
     D:1: 172 daAuts
